Map: 环轨星港

Players

hofnerJ - Winner!

  • Race: Terran Terran
  • League: Gold

shengy

  • Race: Zerg Zerg
  • League: Platinum

VOD

Have the link to the VOD?

Description

Time

  • Played on: Dec. 22, 2015, 6:23 p.m.
  • Length: 9:18
Show
View Real Time Build Order
Export as new Build Order

hofnerJ Terran - Winner!

Build Orders: MMM Bio 

Get SALT Encoding   

  12  0:01  SCV  
  13  0:13  Supply Depot  
  13  0:18  SCV  
  14  0:30  SCV  
  15  0:36  Barracks  
  15  0:42  SCV  
  16  0:55  SCV  
  17  1:14  Command Center  
  17  1:16  SCV  
  18  1:28  Orbital Command  
  18  1:31  Marine  
  19  1:42  Supply Depot  
  19  1:47  Refinery  
  19  1:50  Refinery  
  19  1:53  Marine  
  20  1:57  SCV  
  21  2:11  SCV  
  21  2:12  Marine  
  23  2:27  Barracks  
  23  2:29  Barracks  
  23  2:47  Barracks Tech Lab  
  22  2:52  Factory  
  22  2:54  Orbital Command  
  22  2:55  SCV  
  23  3:07  SCV  
  24  3:19  SCV  
  25  3:20  SCV  
  25  3:22  Barracks Reactor  
  25  3:23  Barracks Reactor  
  26  3:31  SCV  
  26  3:34  Engineering Bay, Combat Shields  
  27  3:38  Marine  
  27  3:41  Starport  
  28  3:45  Factory Reactor  
  28  3:48  SCV x2  
  30  3:58  Marine x2  
  30  3:59  Marine  
  30  4:01  Marine x2  
  36  4:02  SCV  
  36  4:03  SCV  
  36  4:06  Terran Infantry Weapons Level 1  
  37  4:12  Refinery  
  37  4:15  SCV  
  38  4:23  Marine x4  
  42  4:25  Marauder  
  44  4:33  SCV  
  44  4:34  SCV  
  46  4:48  Supply Depot  
  46  4:49  Supply Depot  
  46  5:03  Supply Depot  
  46  5:10  SCV x2, Medivac x2  
  52  5:22  SCV x2  
  54  5:28  Command Center  
  54  5:34  SCV  
  55  5:36  Engineering Bay  
  55  5:37  Armory  
  55  5:40  Marine x4  
  55  5:41  Marauder  
  61  5:56  SCV  
  62  5:58  Marine x2  
  62  6:01  Factory Reactor  
  62  6:02  SCV  
  62  6:04  Barracks  
  65  6:05  Barracks  
  65  6:14  Marine x2  
  65  6:15  Marauder  
  69  6:19  Stimpack  
  64  6:42  Marine x2  
  64  6:43  Widow Mine, Marine x2  
  64  6:44  Marauder, Widow Mine  
  64  6:46  Medivac x2  
  78  6:47  Terran Infantry Weapons Level 2  
  76  6:59  Barracks Tech Lab  
  76  7:01  Barracks Reactor  
  76  7:02  Marine x4  
  76  7:07  Marauder  
  81  7:29  Marine  
  79  7:30  Marine x3  
  79  7:31  Marauder  
  85  7:40  Supply Depot  
  85  7:43  Medivac  
  84  7:44  Widow Mine  
  84  7:45  Widow Mine  
  84  7:46  Marine  
  84  7:47  Marine x2  
  84  7:51  Missile Turret  
  85  7:54  Missile Turret  
  85  8:02  Medivac  
  85  8:03  Missile Turret  
  87  8:06  SCV  
  87  8:08  Orbital Command  
  88  8:13  Widow Mine x2  
  88  8:17  Marine  
  93  8:23  Marine x6  
  93  8:24  Supply Depot, SCV  
  100  8:54  Marine x6  
  100  8:55  Marine x2  
  90  9:11  Barracks  
  90  9:15  Barracks  
  90  9:16  Barracks  
Show
View Real Time Build Order
Export as new Build Order

shengy Zerg 

Build Orders: Hatch First, Muta Ling Bane 

Get SALT Encoding   

  12  0:01  Drone  
  13  0:11  Drone  
  14  0:17  Overlord  
  14  0:35  Drone x3  
  17  0:47  Drone  
  18  0:57  Hatchery  
  18  1:00  Drone  
  18  1:12  Spawning Pool  
  18  1:14  Drone  
  18  1:21  Overlord  
  18  1:29  Drone  
  20  1:40  Drone  
  20  1:43  Extractor  
  19  1:59  Zergling x2  
  20  2:01  Queen  
  20  2:03  Zergling x2  
  23  2:15  Queen  
  25  2:26  Spine Crawler  
  24  2:36  Drone x6  
  30  2:48  Metabolic Boost  
  30  2:50  Drone  
  31  2:53  Queen  
  31  2:54  Queen  
  31  2:56  Overlord  
  35  3:18  Drone x2  
  35  3:19  Drone  
  39  3:20  Drone x3  
  39  3:21  Overlord  
  39  3:23  Zergling x2  
  42  3:28  Overlord  
  42  3:32  Lair  
  42  3:44  Drone x5  
  47  3:50  Baneling Nest  
  47  3:51  Extractor  
  47  3:54  Extractor  
  44  3:57  Roach Warren, Drone x2  
  45  4:11  Drone x2  
  45  4:12  Drone x4  
  50  4:22  Evolution Chamber  
  50  4:23  Drone  
  48  4:24  Extractor, Evolution Chamber  
  46  4:32  Hatchery  
  46  4:38  Overseer  
  45  4:40  Drone x3  
  45  4:41  Drone  
  49  5:01  Spire  
  48  5:10  Zergling x8  
  48  5:11  Zergling x8  
  56  5:18  Overlord  
  56  5:19  Hatchery, Zergling x4  
  57  5:23  Extractor  
  56  5:29  Drone  
  56  5:30  Drone x2  
  56  5:33  Baneling x2  
  56  5:34  Baneling x8  
  59  5:44  Zergling x4  
  59  5:45  Zergling x8  
  65  5:59  Centrifical Hooks  
  65  6:02  Zerg Melee Weapons Level 1  
  65  6:19  Overlord  
  65  6:20  Drone x4  
  65  6:21  Drone x2  
  63  6:49  Zergling x10  
  63  6:50  Zergling x18  
  63  6:51  Zergling x2  
  72  6:57  Mutalisk x4  
  77  7:40  Drone x2  
  77  7:41  Drone x8  
  77  7:42  Drone x3  
  87  7:44  Overlord x4  
  84  7:55  Drone x3  
  87  7:59  Infestation Pit  
  86  8:11  Overseer  
  86  8:21  Queen  
  86  8:23  Extractor  
  86  8:25  Spore Crawler, Extractor  
  86  8:26  Spine Crawler  
  82  8:36  Baneling x5  
  82  8:37  Baneling x2, Spore Crawler, Zergling x8  
  82  8:38  Zergling x16  
  82  8:39  Zergling x12  
  82  8:41  Baneling x4  
  95  8:42  Baneling x3  
  95  8:46  Overseer  
Tags
 
Add a new tag
Caveats
  • Supply blocks, unpowered buildings, or Contaminate may cause inaccurate times.
  • Supply counts are checked every 10 seconds.